 Dungeon Crawl Stone Soup version 0.30-a0-782-ge64f9170bb (webtiles) character file.

Game seed: 2084431741610836756

97690 vineage the Warrior (level 16, -2/113 HPs)
             Began as a Gargoyle Fighter on Feb 28, 2023.
             Was a High Priest of Okawaru.
             Killed by divine providence
             ... invoked by a meliai
             ... summoned by a boggart
              (12 damage)
             ... on level 15 of the Dungeon.
             The game lasted 00:25:40 (27604 turns).

vineage the Warrior (Gargoyle Fighter)             Turns: 27604, Time: 00:25:41

Health: -2/113     AC: 39    Str: 33    XL:     16   Next: 20%
Magic:  23/23      EV: 10    Int: 13    God:    Okawaru [*****.]
Gold:   1504       SH:  9    Dex:  9    Spells: 15/15 levels left

rFire   . . .      SeeInvis +    d - +1 demon whip (venom)
rCold   . . .      Faith    .    c - +1 buckler
rNeg    + . .      Spirit   .    P - +0 plate armour of Qoherin {Int+3}
rPois   ∞          Reflect  .    K - +1 helmet {SInv}
rElec   +          Harm     .    B - +0 cloak
rCorr   +          Rampage  +    o - +1 pair of gloves {hurl}
Will    +....                    S - +0 pair of boots {rampage} Stlth
                                 G - amulet of the acrobat
HPRegen 0.38/turn                L - +6 ring of strength
MPRegen 0.18/turn                I - ring of resist corrosion

@: heroic, flying
A: sickness immunity, AC +12, big wings, negative energy resistance 1,
electricity resistance, torment resistance 1, petrification resistance
a: Renounce Religion, Heroism, Finesse, Duel


You were on level 15 of the Dungeon.
You worshipped Okawaru.
Okawaru was extremely pleased with you.
You visited 3 branches of the dungeon, and saw 21 of its levels.
You visited 1 bazaar.
You also visited: Sewer.

You collected 1883 gold pieces.
You spent 379 gold pieces at shops.

Inventory:

Hand Weapons
 a - a +0 flail
 d - a +1 demon whip of venom (weapon)
 D - a +2 flail of protection
Armour
 c - a +1 buckler (worn)
 o - a +1 pair of gloves of hurling (worn)
 s - a +0 pair of boots
 B - a +0 cloak (worn)
 K - a +1 helmet of see invisible (worn)
 P - the +0 plate armour of Qoherin (worn) {Int+3}
   (Okawaru gifted it to you on level 4 of the Lair of Beasts)

   Int:       It affects your intelligence (+3).
 R - the +0 kite shield of the Hurricane {Will+}
   (Okawaru gifted it to you on level 14 of the Dungeon)

   Will:      It increases your willpower.
 S - a +0 pair of boots of rampaging (worn)
Jewellery
 b - a ring of fire
 n - a ring of willpower
 u - a +6 ring of intelligence
 w - a ring of protection from cold
 G - an amulet of the acrobat (around neck)
 I - a ring of resist corrosion (right hand)
 L - a +6 ring of strength (left hand)
 M - a ring of ice
 T - an amulet of regeneration
 V - a ring of positive energy
Wands
 x - a wand of paralysis (7)
 y - a wand of polymorph (10)
 E - a wand of flame (24)
 O - a wand of light (4)
 U - a wand of roots (2)
Scrolls
 e - 6 scrolls of poison
 j - 3 scrolls of fear
 k - 8 scrolls of teleportation
 l - 3 scrolls of enchant weapon
 q - 2 scrolls of enchant armour
 r - 13 scrolls of identify
 v - a scroll of fog
 N - 3 scrolls of amnesia
 Q - a scroll of silence
Potions
 f - a potion of attraction
 g - 17 potions of curing
 h - a potion of cancellation
 i - 3 potions of brilliance
 m - 5 potions of ambrosia
 p - 7 potions of flight
 t - 6 potions of lignification
 z - 5 potions of haste
 A - 2 potions of resistance
 C - a potion of heal wounds
 F - 2 potions of mutation
 H - 6 potions of might
 J - a potion of magic


   Skills:
 + Level 17.6(22.6) Fighting
 + Level 14.2(19.2) Maces & Flails
 + Level 13.8(18.8) Armour
 + Level 13.7(18.7) Shields
 - Level 10.1 Invocations


You had 15 spell levels left.
You didn't know any spells.
Your spell library contained the following spells:

 Spells                   Type           Power      Damage    Failure   Level
 Foxfire                  Conj/Fire      0%         2x1d4     78%         1
 Ensorcelled Hibernation  Hex/Ice        0%         N/A       89%         2
 Passwall                 Tmut/Erth      0%         N/A       89%         2
 Scorch                   Fire           0%         2d5       89%         2
 Static Discharge         Conj/Air       0%         2-2/arc   89%         2
 Confusing Touch          Hex            0%         N/A       98%         3
 Portal Projectile        Hex/Tloc       0%         N/A       98%         3
 Swiftness                Air            0%         N/A       98%         3
 Vhi's Electric Charge    Tloc/Air       0%         N/A       98%         3
 Anguish                  Hex/Necr       0%         N/A       100%        4
 Flame Wave               Conj/Fire      0%         2d4       100%        4
 Arcjolt                  Conj/Air       0%         1d10      100%        5
 Blade Hands              Tmut           0%         N/A       100%        5
 Fireball                 Conj/Fire      0%         3d3       100%        5
 Lightning Bolt           Conj/Air       0%         1d11      100%        5
 Yara's Violent Unravell  Hex/Tmut       0%         3d3       100%        5
 Starburst                Conj/Fire      0%         6d3       100%        6
 Enfeeble                 Hex            0%         N/A       100%        7
 Borgnjor's Revivificati  Necr           0%         N/A       100%        8
 Maxwell's Capacitive Co  Air            0%         ∞         100%        8
 Necromutation            Tmut/Necr      0%         N/A       100%        8
 Death's Door             Necr           0%         N/A       100%        9
 Tukima's Dance           Hex            Unusable   N/A       N/A         3
 Summon Cactus Giant      Summ           Unusable   N/A       N/A         6

Dungeon Overview and Level Annotations

Branches:
Dungeon (15/15)            Temple (1/1) D:7            Lair (5/5) D:10
  Swamp (0/4) Lair:3        Snake (0/4) Lair:2        Slime (0/5) Lair:4
    Orc (0/2) D:12         Vaults (0/5) D:14         Depths (0/4) D:15
  Sewer (visited)

Altars:
Ashenzari
Cheibriados
Dithmenos
Elyvilon
Fedhas
Gozag
Hepliaklqana
Kikubaaqudgha
Makhleb
Nemelex Xobeh
Okawaru
Qazlal
Ru
Sif Muna
Trog
Uskayaw
Vehumet
Wu Jian
Xom
Yredelemnul
Zin
The Shining One

Shops:
D:2 ?   D:9 [   D:13 *

Portals:
Trove: D:14 (give +7 demon blade)


Innate Abilities, Weirdness & Mutations

You are immune to sickness and miasma.
Your stone body is resilient. (AC +12)
You are immune to poison.
Your large and strong wings let you fly.
You resist negative energy. (rN+)
You are resistant to electric shocks. (rElec)
You are resistant to unholy torment.
You are immune to petrification.


Message History

The meliai closely misses you. x4
The manticore flicks its tail.
The volley of spikes hits you but does no damage.
Two slime creatures merge to form a titanic slime creature.
The meliai invokes the aid of its god against you.
Something smites you!
* * * LOW HITPOINT WARNING * * *
The meliai misses you. You block the meliai's attack.
The meliai misses you. x2; The meliai closely misses you. x2
The meliai attacks as you move away! You block the meliai's attack.
The meliai misses you. The meliai attacks as you move away!
The meliai hits you with a +0 war axe.
* * * LOW HITPOINT WARNING * * *
You block the meliai's attack. The meliai closely misses you. x2
There is an open door here.
As you read the scroll of teleportation, it crumbles to dust.
You feel strangely unstable. The meliai hits you but does no damage.
The meliai barely misses you. x2; You block the meliai's attack.
The meliai calls down the wrath of its god upon you.
Something smites you!
* * * LOW HITPOINT WARNING * * *
You feel much better.
Your surroundings suddenly seem different.
The cyclops throws a large rock.
You block the large rock.
Okay, then.
The manticore flicks its tail.
The volley of spikes misses you.
The cyclops throws a large rock.
You block the large rock.
The meliai mumbles some strange prayers to its god against you.
Something smites you!
* * * LOW HITPOINT WARNING * * *
The meliai invokes the aid of its god against you.
Something smites you!
* * * LOW HITPOINT WARNING * * *
The meliai misses you. The meliai closely misses you.
There is a stone staircase leading up here.
The meliai buzzes angrily.
The meliai mumbles some strange prayers to its god against you.
Something smites you!
You die...

##.....(....≈....#
#.#......≈≈§....# #
#.#......≈≈..#### #
#.#......≈.....# #
#.#####..§...#.#### #
#.####............# #
#.............# .##
#..###....≈...# #..#
#..#@yJ.g.≈...# ...J
#.......≈H.J..###.#J#
#..........C.........
#.......y..y.........
##.........J.........
......########.......
###....# ≈ ##.###..
#....# ~≈~≈##'###
##.... '≈~≈~'.y..#


You could see 3 slime creatures, a manticore, a cyclops (summoned), 3 meliai and
a boggart.

Vanquished Creatures
  Kirke (D:15)
  An ironbound preserver (D:14)
  5 dire elephants
  Josephine (D:12)
  A vault guard (D:14)
  Fannar (Lair:3)
  8 hydras
  7 centaur warriors
  The ghost of gruber the Covert, a journeyman VSBr of Uskayaw (Lair:1)
  Erica (D:11)
  5 two-headed ogres
  10 death yaks
  A spectral dire elephant (Lair:5)
  3 boulder beetles
  2 tengu warriors (D:11)
  Urug (Lair:1)
  Amaemon (D:8)
  Nergalle (D:11)
  A spectral anaconda (Lair:5)
  A skyshark (Lair:2)
  Lodul (D:13)
  A goliath frog (shapeshifter) (D:14)
  An obsidian statue (Lair:5)
  A wizard (D:15)
  3 necromancers (Lair:5)
  3 deep elf pyromancers
  11 ugly things
  2 oklob plants (Lair:4)
  3 cyclopes
  A wolf spider (D:15)
  5 manticores
  A black mamba (Lair:2)
  An orange demon (D:8)
  2 torpor snails
  18 elephants
  A dire elephant skeleton (Lair:5)
  13 cane toads
  Joseph (D:7)
  12 komodo dragons
  4 rime drakes
  2 tengu conjurers (D:14)
  2 unseen horrors (D:12)
  A freezing wraith (D:15)
  3 meliai (D:14)
  A polar bear (shapeshifter) (D:15)
  A troll (shapeshifter) (D:14)
  Grinder (D:5)
  A troll (D:12)
  3 polar bears
  A hornet (D:9)
  21 blink frogs
  A spectral elephant (Lair:5)
  8 slime creatures
  Sigmund (D:2)
  A vampire (D:11)
  4 wraiths
  2 shadows
  62 yaks
  3 wyverns
  A steam dragon (D:8)
  6 hogs (D:15)
  2 basilisks
  6 vampire mosquitoes
  Grum (D:10)
  2 death yak simulacra (Lair:5)
  A human (D:15)
  4 nagas (Lair:2)
  Edmund (D:6)
  3 swamp worms (Lair:3)
  A harpy simulacrum (D:14)
  An acid dragon (D:12)
  11 water moccasins
  7 orc warriors
  8 ice beasts
  4 elephant zombies (Lair:5)
  58 wolves
  10 ogres
  10 centaurs
  An elephant skeleton (Lair:5)
  A kobold brigand (D:7)
  2 phantoms (D:6)
  12 bullfrogs
  Blork the orc (D:6)
  2 scorpions
  A necrophage (D:6)
  A cane toad simulacrum (Lair:5)
  5 wights (D:10)
  2 elephant simulacra (Lair:5)
  26 killer bees
  3 howler monkeys
  5 hounds
  4 jellies
  5 orc priests
  6 iguanas
  15 orc wizards
  5 hell rats (Lair:2)
  A sickly merfolk siren (Sewer)
  A malarious merfolk avatar (Sewer)
  8 gnolls
  9 adders
  2 ufetubi (D:5)
  2 worms (D:2)
  4 dart slugs
  35 orcs
  12 ball pythons
  7 endoplasms
  4 giant cockroaches
  8 goblins
  6 hobgoblins
  3 jackals (D:2)
  11 kobolds
  A quokka (D:1)
  4 bats
  9 frilled lizards
  31 rats
649 creatures vanquished.

Vanquished Creatures (others)
  A komodo dragon (Lair:1)
  A troll (D:12)
  A wraith (D:12)
  An orc wizard (D:12)
  26 fungi
  26 plants
  27 withered plants (Lair:5)
83 creatures vanquished.

Grand Total: 732 creatures vanquished

Notes
Turn   | Place    | Note
-------+----------+-------------------------------------------
     0 | D:1      | vineage the Gargoyle Fighter began the quest for the Orb.
     0 | D:1      | Reached XP level 1. HP: 14/14 MP: 1/1
   172 | D:1      | Reached XP level 2. HP: 18/20 MP: 2/2
   206 | D:1      | Reached skill level 4 in Fighting
   540 | D:1      | Reached XP level 3. HP: 24/24 MP: 3/3
   865 | D:2      | Found a faded altar of an unknown god.
   866 | D:2      | Found Masuuhini's Magic Scroll Shoppe.
  1089 | D:2      | Reached skill level 5 in Fighting
  1113 | D:2      | Noticed Sigmund
  1136 | D:2      | Killed Sigmund
  1137 | D:2      | Reached skill level 6 in Fighting
  1137 | D:2      | Reached XP level 4. HP: 6/32 MP: 4/4
  1137 | D:2      | Reached XP level 5. HP: 7/37 MP: 5/5
  1140 | D:2      | Reached skill level 7 in Fighting
  1671 | D:3      | Reached XP level 6. HP: 39/44 MP: 6/6
  2160 | D:3      | Found a glowing drain.
  2180 | Sewer    | Entered a sewer
  2321 | Sewer    | Reached skill level 8 in Fighting
  2552 | Sewer    | Reached XP level 7. HP: 47/50 MP: 7/7
  3165 | D:4      | Reached skill level 9 in Fighting
  3895 | D:5      | Entered Level 5 of the Dungeon
  4097 | D:5      | Found a bloodstained altar of Trog.
  4097 | D:5      | Found a shimmering blue altar of Sif Muna.
  4098 | D:5      | Found an ancient bone altar of Kikubaaqudgha.
  4170 | D:5      | Found a basalt altar of Yredelemnul.
  4182 | D:5      | Found a broken altar of Ashenzari.
  4182 | D:5      | Noticed Grinder
  4183 | D:5      | Paralysed by Grinder for 2 turns
  4195 | D:5      | Killed Grinder
  4196 | D:5      | Reached XP level 8. HP: 48/57 MP: 8/8
  4298 | D:5      | Reached skill level 10 in Fighting
  5197 | D:6      | Noticed Blork the orc
  5209 | D:6      | Reached skill level 5 in Maces & Flails
  5215 | D:6      | Killed Blork the orc
  5434 | D:6      | Reached skill level 11 in Fighting
  5558 | D:6      | Noticed Edmund
  5604 | D:6      | Killed Edmund
  5605 | D:6      | Reached XP level 9. HP: 18/64 MP: 9/9
  6475 | D:7      | Found a staircase to the Ecumenical Temple.
  6490 | Temple   | Entered the Ecumenical Temple
  6509 | Temple   | Became a worshipper of Warmaster Okawaru
  6563 | D:7      | Noticed Joseph
  6581 | D:7      | Killed Joseph
  6606 | D:7      | Reached skill level 12 in Fighting
  6756 | D:7      | Reached * piety under Okawaru
  6802 | D:7      | Found an opulent altar of Gozag.
  7089 | D:8      | You fall into a shaft and drop 2 floors!
  7089 | D:10     | Entered Level 10 of the Dungeon
  7118 | D:8      | Noticed an orange demon
  7118 | D:8      | Noticed Amaemon
  7134 | D:8      | Reached skill level 1 in Invocations
  7146 | D:8      | Killed Amaemon
  7147 | D:8      | Reached XP level 10. HP: 37/72 MP: 8/11
  7159 | D:8      | Killed an orange demon
  7163 | D:8      | Reached ** piety under Okawaru
  7452 | D:8      | Noticed a two-headed ogre
  7469 | D:8      | Killed a two-headed ogre
  7470 | D:8      | Reached skill level 5 in Armour
  7470 | D:8      | Reached skill level 5 in Shields
  8379 | D:9      | Found a shadowy altar of Dithmenos.
  8422 | D:9      | Found Meiceic's Antique Armour Emporium.
  8472 | D:9      | Noticed a two-headed ogre
  8479 | D:9      | Killed a two-headed ogre
  8479 | D:9      | Reached *** piety under Okawaru
  8480 | D:9      | Reached skill level 13 in Fighting
  8561 | D:9      | Reached XP level 11. HP: 67/78 MP: 14/14
  8743 | D:9      | Reached skill level 5 in Invocations
  8848 | D:9      | Noticed a two-headed ogre
  8858 | D:9      | Killed a two-headed ogre
  8858 | D:9      | Reached **** piety under Okawaru
  9370 | D:10     | Noticed Grum
  9389 | D:10     | Killed Grum
  9481 | D:10     | Found a staircase to the Lair.
  9521 | D:10     | Reached ***** piety under Okawaru
  9564 | D:10     | Noticed a two-headed ogre
  9580 | D:10     | Killed a two-headed ogre
 10554 | D:11     | Noticed a two-headed ogre
 10554 | D:11     | Noticed a tengu warrior
 10555 | D:11     | Noticed a tengu warrior
 10712 | D:11     | Noticed Erica
 10718 | D:11     | Killed a tengu warrior
 11152 | Lair:1   | Entered Level 1 of the Lair of Beasts
 11170 | Lair:1   | Noticed Urug
 11193 | D:10     | Received a gift from Okawaru
 11309 | Lair:1   | Reached XP level 12. HP: 81/84 MP: 17/17
 11548 | Lair:1   | Killed Urug
 11549 | Lair:1   | Reached skill level 10 in Maces & Flails
 11970 | Lair:1   | Reached skill level 14 in Fighting
 12355 | Lair:1   | Received a gift from Okawaru
 12355 | Lair:1   | Found the +18 Lear's hauberk
 12631 | Lair:1   | Found a runed translucent gate.
 12632 | Lair:1   | Found a runed translucent gate.
 12633 | Lair:1   | Found a runed translucent gate.
 12633 | Lair:1   | Noticed a 12-headed hydra
 12633 | Lair:1   | Noticed gruber's ghost (journeyman VSBr)
 13126 | Lair:1   | Killed a 12-headed hydra
 13141 | Lair:1   | Killed gruber's ghost
 13374 | Lair:2   | Found a staircase to the Snake Pit.
 13381 | Lair:2   | Noticed a six-headed hydra
 13401 | Lair:2   | Killed a six-headed hydra
 14169 | Lair:2   | Reached XP level 13. HP: 66/91 MP: 19/19
 14910 | Lair:3   | Noticed Fannar
 14928 | Lair:3   | Killed Fannar
 15246 | Lair:3   | Reached skill level 15 in Fighting
 15466 | Lair:3   | Reached skill level 10 in Armour
 15511 | Lair:3   | Reached skill level 10 in Shields
 16523 | Lair:3   | Found a staircase to the Swamp.
 16824 | Lair:4   | Identified the +0 plate armour of Qoherin {Int+3} (Okawaru
                  | gifted it to you on level 4 of the Lair of Beasts)
 16824 | Lair:4   | Received a gift from Okawaru
 16825 | Lair:4   | Reached skill level 10 in Invocations
 16825 | Lair:4   | Gained mutation: Your large and strong wings let you fly.
                  | [Gargoyle growth]
 16825 | Lair:4   | Reached XP level 14. HP: 47/98 MP: 21/21
 17456 | Lair:4   | You are sucked into a shaft and drop 1 floor!
 17456 | Lair:5   | Entered Level 5 of the Lair of Beasts
 18129 | Lair:4   | Found a staircase to the Slime Pits.
 18918 | Lair:5   | Noticed a dire elephant
 18918 | Lair:5   | Noticed a dire elephant
 18918 | Lair:5   | Noticed a dire elephant
 18954 | Lair:5   | Noticed a dire elephant
 19195 | Lair:5   | Killed a dire elephant
 19491 | Lair:5   | Reached skill level 16 in Fighting
 19721 | Lair:5   | Identified the +11 halberd of Disintegration {vamp, SInv}
                  | (Okawaru gifted it to you on level 5 of the Lair of Beasts)
 19721 | Lair:5   | Received a gift from Okawaru
 20961 | Lair:5   | Killed a dire elephant
 21676 | Lair:5   | Got the Almanac of the Turbulent Evil Eye
 21908 | Lair:5   | Reached XP level 15. HP: 98/105 MP: 19/22
 22106 | Lair:5   | Identified the +1 falchion "Mifio" {flame, rCorr}
 22433 | D:11     | Noticed Nergalle
 22465 | D:11     | Killed Nergalle
 22465 | D:11     | Identified the +0 chain mail "Mell" {Fly rC+ Slay+2}
                  | (Okawaru gifted it to you on level 11 of the Dungeon)
 22465 | D:11     | Received a gift from Okawaru
 22650 | D:11     | Killed Erica
 23353 | D:11     | Identified a scroll of acquirement
 23353 | D:11     | Acquired a +1 helmet of see invisible
 23557 | D:12     | Noticed Josephine
 23571 | D:12     | Killed Josephine
 24056 | D:12     | Found a staircase to the Orcish Mines.
 24592 | D:12     | Found a flickering gateway to a bazaar.
 24602 | Bazaar   | Entered a bazaar
 24602 | Bazaar   | Found Ahamau Pydik's Distillery.
 24602 | Bazaar   | Found Amojuekk's Antique Armour Shoppe.
 24602 | Bazaar   | Found Pepn's Weapon Emporium.
 24622 | Bazaar   | Bought a pair of glowing boots for 127 gold pieces
 24636 | Bazaar   | Bought 2 potions of might for 72 gold pieces
 24636 | Bazaar   | Bought a potion of haste for 90 gold pieces
 24636 | Bazaar   | Bought a potion of haste for 90 gold pieces
 24704 | D:13     | Identified the +2 scale mail of Woiwiel {rElec Int+5}
 24850 | D:13     | Found Zin's Purification Station.
 24853 | D:13     | Found a glowing silver altar of Zin.
 24934 | D:13     | Noticed Lodul
 24948 | D:13     | Killed Lodul
 25255 | D:13     | Reached skill level 17 in Fighting
 25765 | D:14     | Found a portal to a secret trove of treasure.
 26021 | D:14     | Identified the +0 kite shield of the Hurricane {Will+}
                  | (Okawaru gifted it to you on level 14 of the Dungeon)
 26021 | D:14     | Received a gift from Okawaru
 26023 | D:14     | Found a gate to the Vaults.
 26911 | D:15     | Entered Level 15 of the Dungeon
 27056 | D:15     | Reached XP level 16. HP: 90/112 MP: 23/23
 27180 | D:15     | Found a staircase to the Depths.
 27209 | D:15     | Identified the +10 scimitar "Qewoel" {heavy, rC++ Dex+3}
 27278 | D:15     | Noticed Kirke
 27298 | D:15     | Killed Kirke
 27594 | D:15     | HP: 3/113 [meliai/divine providence[a boggart] (16)]
 27604 | D:15     | Killed from afar by a meliai

Illustrated notes

Levels and vault maps discovered:
D:1:      dpeg_arrival_renting, layout_basic
D:2:      layout_loops_ring, serial_shops, nicolae_square_shop,
          ebering_ecumenical_altar_webs, uniq_sigmund
D:3:      layout_loops_ring, portal_sewer_entry_d, small_statue_intersection,
          chequers_serial_rivers_micro_b, hex_medium
D:4:      nicolae_cairo_tiling_large, layout_loops_ring
D:5:      layout_loops_ring, mainiacjoe_overflow_surrounded_room,
          nicolae_overflow_quartered_altars, uniq_grinder
D:6:      layout_loops_ring, grunt_ministairs_11, uniq_edmund,
          uniq_blork_the_orc
D:7:      layout_rooms, nicolae_gozag_seed_capital, minmay_temple_entry_slanted,
          serial_aquarium, aquarium_bridge_long_joined [aquarium_subvault_wall,
          aquarium_subvault_wall, aquarium_subvault_wall,
          aquarium_subvault_bridge, aquarium_subvault_wall,
          aquarium_subvault_wall], aquarium_window_2,
          aquarium_window_corridor_3, aquarium_window_corner, aquarium_view_2e,
          aquarium_view_2d, aquarium_pool_corner, uniq_joseph
D:8:      layout_gridville, uniq_amaemon
D:9:      layout_roguey, lemuel_crystal_altar, serial_shops,
          nicolae_shop_temple_entry_statues_fountains,
          kennysheep_generic_room_14
D:10:     layout_stronghold, hellmonk_lair_entry_icy, uniq_grum
D:11:     layout_rooms, uniq_nergalle, uniq_erica
D:12:     layout_long_grid, david_orc_4, serial_shops, bzr_firewalk,
          minmay_fountain_box, uniq_josephine
D:13:     layout_basic, zin_purify, uniq_lodul
D:14:     layout_roguey, skrybe_vaults_entry_preservation,
          gauntlet_entry_generic, minmay_misc_feat_square, enter_trove_5
D:15:     hangedman_depths_entry_try_elsewhere_first, layout_basic,
          chequers_serial_rivers_room_b, uniq_kirke
Temple:   minmay_freezing_vapour_temple
Lair:1:   layout_cave_shapes, gammafunk_ghost_hydra_chop, grunt_megastairs_3,
          uniq_urug
Lair:2:   layout_hall_layers, minmay_snake_entry_guardpost_small
Lair:3:   layout_loops_ring, palyth_hydra_swamp_entry,
          grunt_forest_large_clearings, grunt_megastairs_1, lemuel_fruit_tree,
          infiniplex_staircase_pool_2, uniq_fannar
Lair:4:   layout_cave_pods, minmay_slime_entry_oklob_enclosed,
          grunt_megastairs_2
Lair:5:   due_jungle_book, layout_gridlike

Skill      XL: |  1  2  3  4  5  6  7  8  9 10 11 12 13 14 15 |
---------------+----------------------------------------------+-----
Fighting       | 4 6 7 8 9 11 12 13 14 15 16 17 | 17.6
Maces & Flails | 3 6 7 8 9 10 11 12 14 | 14.2
Invocations    | 2 4 6 8 10 | 10.1
Armour         | 4 5 7 9 10 12 13 | 13.8
Shields        | 4 6 7 9 10 12 13 | 13.7

Action                     |  1- 3 |  4- 6 |  7- 9 | 10-12 | 13-15 | 16-18 || total
---------------------------+-------+-------+-------+-------+-------+-------++-------
  Melee: Flail             |   133 |   278 |   408 |    15 |       |       ||   834
         Demon whip        |       |       |       |   735 |  1721 |   132 ||  2588
 Invoke: Heroism           |       |       |     1 |    10 |    31 |     2 ||    44
    Use: Scroll            |     7 |     6 |     3 |     5 |    11 |     2 ||    34
         Potion            |       |       |     3 |     3 |     2 |     3 ||    11
 Armour: Scale mail        |    45 |       |       |       |       |       ||    45
         Plate armour      |    53 |   293 |   364 |   541 |   805 |    84 ||  2140
         Skin              |       |       |       |       |     3 |       ||     3
  Dodge: Dodged            |    46 |    71 |   115 |   230 |   534 |    84 ||  1080
  Block: Buckler           |    43 |    91 |   100 |   193 |   464 |    44 ||   935

Table legend: (Time is in decaauts)
 A = Elapsed time spent in this place.
 B = Non-inter-level travel time spent in this place.
 C = Inter-level travel time spent in this place.
 D = Time resting spent in this place.
 E = Time spent auto-exploring this place.
 F = Levels seen in this place.
 G = Mean time per level.
                   A        B        C        D        E       F      G
               +--------+--------+--------+--------+--------+-----+--------+
         Total |  26777 |  25587 |   1190 |   6387 |  14870 |  23 | 1164.2 |
       Dungeon |  15942 |  15032 |    910 |   2599 |   9822 |  15 | 1062.8 |
        Temple |     24 |     11 |     13 |      0 |     10 |   1 |   24.0 |
          Lair |  10215 |   9949 |    266 |   3788 |   4780 |   5 | 2043.0 |
        Bazaar |     43 |     43 |      0 |      0 |     14 |   1 |   43.0 |
         Sewer |    551 |    551 |      0 |      0 |    244 |   1 |  551.0 |
               +--------+--------+--------+--------+--------+-----+--------+

Top non-repeatable levels by time:
  Lair:5: 3388 daAuts
    D:10: 2137 daAuts
  Lair:4: 1969 daAuts
  Lair:1: 1780 daAuts
  Lair:3: 1601 daAuts
  Lair:2: 1475 daAuts
    D:14: 1451 daAuts
     D:6: 1328 daAuts
    D:12: 1233 daAuts
     D:5: 1184 daAuts
    D:11: 1114 daAuts
     D:9: 1009 daAuts
     D:2: 977 daAuts
     D:4: 972 daAuts
     D:8: 971 daAuts
